[Event "Titled Tuesday Blitz July 18 Early 2023"]
[White "Svane, Rasmus"]
[Black "Bortnyk, Olexandr"]
[WhiteFideId "4657101"]
[BlackFideId "14120828"]
[WhiteElo "2981"]
[BlackElo "3022"]
[Result "0-1"]
[Round "9"]
[TimeControl "180+2"]
[Date "2023.07.18"]
[WhiteClock "0:00:00"]
[BlackClock "0:00:02"]
[Board "9"]

1. Nf3 Nf6 2. g3 b6 3. Bg2 Bb7 4. O-O g6 5. d4 Bg7 6. c4 O-O 7. Re1 e6 8. Bf4 d6 9. Qc2 Be4 10. Qd2 Bb7 11. Qc2 Be4 12. Qc1 Bb7 13. Nc3 Nc6 14. e4 Re8 15. e5 dxe5 16. dxe5 Nd7 17. Qe3 Qe7 18. Rad1 Nc5 19. h4 h5 20. Bg5 Qf8 21. a3 a5 22. Nb5 Rac8 23. Bh3 Ne7 24. Nfd4 Nf5 25. Qf4 a4 26. Bg2 Bxg2 27. Kxg2 f6 28. exf6 Bxf6 29. Bxf6 Qxf6 30. Re5 Nxh4+ 31. Kh3 Qxf4 32. gxf4 Nf5 33. Nxf5 exf5 34. Rxe8+ Rxe8 35. Nxc7 Re2 36. Rd6 Kf7 37. Rxb6 Rxf2 38. Nd5 Nd3 39. Rb7+ Ke6 40. Rb6+ Kd7 41. Kg3 Rxb2 42. Rxg6 Rb3 43. Kh4 Rxa3 44. Kxh5 Ra1 45. Kg5 Rg1+ 46. Kxf5 Rxg6 47. Kxg6 Nxf4+ 48. Nxf4 a3 0-1


[Site "https://www.chess.com"]

[Event "Titled Tuesday Blitz July 18 Early 2023"]
[White "Pranav, V"]
[Black "Fridman, Daniel"]
[WhiteFideId "25060783"]
[BlackFideId "11600454"]
[WhiteElo "2952"]
[BlackElo "2886"]
[Result "1-0"]
[Round "9"]
[TimeControl "180+2"]
[Date "2023.07.18"]
[WhiteClock "0:00:20"]
[BlackClock "0:00:00"]
[Board "10"]

1. e4 e6 2. d3 d5 3. Nd2 Nf6 4. Ngf3 c5 5. g3 Nc6 6. Bg2 Be7 7. O-O O-O 8. Re1 b5 9. e5 Nd7 10. Nf1 a5 11. h4 a4 12. a3 Qc7 13. Bf4 b4 14. h5 Ba6 15. h6 g6 16. Ne3 Rab8 17. Qc1 Qd8 18. Ng4 b3 19. c4 dxc4 20. dxc4 Nd4 21. Nxd4 cxd4 22. Rd1 Nc5 23. Be3 d3 24. Qc3 Rc8 25. Rac1 Qc7 26. Bxc5 Qxc5 27. Qxd3 Bg5 28. Qf3 Rc7 29. Nf6+ Kh8 30. Nd7 Rxd7 31. Rxd7 Kg8 32. Re1 Qxc4 33. Bf1 Qc8 34. Ra7 Bxf1 35. Kxf1 Qc2 36. Re2 Qc4 37. Qe4 Qxe4 38. Rxe4 Bc1 39. Re2 Bxh6 40. Rxa4 Rc8 41. Rb4 Rc1+ 42. Re1 Rc2 43. Rxb3 1-0


[Site "https://www.chess.com"]

[Event "Titled Tuesday Blitz July 18 Early 2023"]
[White "Aravindh, Chithambaram VR."]
[Black "Dzhumagaliev, Yan"]
[WhiteFideId "5072786"]
[BlackFideId "24100110"]
[WhiteElo "2947"]
[BlackElo "2764"]
[Result "0-1"]
[Round "9"]
[TimeControl "180+2"]
[Date "2023.07.18"]
[WhiteClock "0:00:04"]
[BlackClock "0:00:14"]
[Board "11"]

1. b3 h5 2. Bb2 h4 3. Nf3 d5 4. c4 c6 5. e3 h3 6. Nc3 Nf6 7. Qc2 Na6 8. a3 Nc7 9. O-O-O Bg4 10. d4 e6 11. Rd2 Bf5 12. Bd3 hxg2 13. Rg1 Bg4 14. Ne5 Rxh2 15. f3 Bh3 16. Bg6 Qe7 17. Bxf7+ Kd8 18. Bg6 Nd7 19. Ng4 Rh1 20. Rxg2 Bxg2 21. Qxg2 Rxg1+ 22. Qxg1 Qg5 23. Bd3 Nf6 24. Ne2 Nxg4 25. fxg4 Bd6 26. Kb1 Kd7 27. Bc1 Qh4 28. e4 dxe4 29. Bxe4 Rf8 30. Nc3 Bh2 31. Qd1 Qg3 32. Na4 Qg1 33. Nc5+ Kc8 34. Qc2 Rf1 35. Nd3 Bf4 36. Nxf4 Rxf4 37. d5 exd5 38. cxd5 cxd5 39. Bxd5 Rf1 40. Bc4 Re1 41. a4 Kb8 42. Kb2 a6 43. Bd2 Rd1 44. Bc3 Rd8 45. Qe4 Re8 46. Qf4 Qg2+ 47. Ka3 Qc6 48. Be5 Qc5+ 49. Ka2 Qxe5 50. Qf7 Qe7 51. Qf4 b5 52. axb5 axb5 53. Bd3 Qc5 54. Be4 Qd4 55. Qf7 Qxe4 56. Qxg7 Qe2+ 57. Ka3 Qe7+ 58. Qxe7 Rxe7 59. Kb4 Re4+ 60. Ka5 Rxg4 61. b4 Kc8 62. Kb6 Rg6+ 63. Kc5 Kb7 64. Kd4 Kc6 65. Ke5 Rg4 66. Kf5 Rxb4 67. Kf6 Rc4 68. Ke7 b4 69. Kd8 Re4 70. Kc8 Re8# 0-1


[Site "https://www.chess.com"]

[Event "Titled Tuesday Blitz July 18 Early 2023"]
[White "Jones, Gawain C B"]
[Black "Atakhan, Abtin"]
[WhiteFideId "409561"]
[BlackFideId "22502203"]
[WhiteElo "2924"]
[BlackElo "2748"]
[Result "1-0"]
[Round "9"]
[TimeControl "180+2"]
[Date "2023.07.18"]
[WhiteClock "0:00:04"]
[BlackClock "0:00:00"]
[Board "12"]

1. Nf3 Nf6 2. c4 g6 3. Nc3 Bg7 4. e4 e5 5. Nxe5 O-O 6. Nf3 Re8 7. d3 d5 8. cxd5 Nxd5 9. Bd2 Nb4 10. Bg5 Qd6 11. Be2 Bg4 12. O-O N8c6 13. a3 Bxf3 14. Bxf3 Nxd3 15. Nb5 Qe5 16. Qxd3 Qxg5 17. Nxc7 Rad8 18. Qe3 Qxe3 19. fxe3 Re5 20. Nd5 Re6 21. Rf2 Ne5 22. Rc2 Red6 23. Rc7 R6d7 24. Rac1 Nc6 25. Rxd7 Rxd7 26. Rc2 Be5 27. Kf2 Kg7 28. h4 h5 29. g4 hxg4 30. Bxg4 Rd8 31. h5 Rh8 32. Kf3 gxh5 33. Bd7 Nd8 34. Rg2+ Kf8 35. Nf4 Ke7 36. Bh3 Nc6 37. Rg5 h4 38. Rf5 Rh6 39. Nd5+ Ke8 40. b4 a6 41. a4 Rg6 42. Bg4 h3 43. Bxh3 Rg3+ 44. Ke2 Rxh3 45. b5 axb5 46. axb5 Rh2+ 47. Kd3 f6 48. bxc6 bxc6 49. Nxf6+ Bxf6 50. Rxf6 Kd7 51. e5 Rh4 52. Rd6+ Kc7 53. Rd4 Rh5 54. Ke4 Rh2 55. e6 1-0


[Site "https://www.chess.com"]

[Event "Titled Tuesday Blitz July 18 Early 2023"]
[White "Matinian, Nikita"]
[Black "Anton Guijarro, David"]
[WhiteFideId "24129100"]
[BlackFideId "2285525"]
[WhiteElo "2728"]
[BlackElo "2923"]
[Result "1-0"]
[Round "9"]
[TimeControl "180+2"]
[Date "2023.07.18"]
[WhiteClock "0:00:07"]
[BlackClock "0:00:04"]
[Board "13"]

1. e4 c6 2. d4 a6 3. Nf3 d5 4. e5 Bg4 5. Nbd2 e6 6. h3 Bh5 7. Be2 c5 8. c3 Nc6 9. O-O cxd4 10. cxd4 Nge7 11. a3 Nc8 12. b4 Be7 13. Nb3 Nb6 14. Nc5 Rb8 15. Be3 O-O 16. Rc1 Bxf3 17. Bxf3 Nc4 18. Qd3 Bxc5 19. bxc5 b5 20. cxb6 Rxb6 21. g3 Ne7 22. h4 Qd7 23. h5 h6 24. g4 Rfb8 25. Rc3 Qd8 26. Bc1 Nc6 27. Bd1 Kf8 28. Qh7 Ne7 29. Rf3 Ng8 30. Bc2 Qh4 31. Rf4 R8b7 32. Bg6 Rb3 33. Bd3 Rc3 34. Qg6 Qg5 35. Rxf7+ Rxf7 36. Bxg5 hxg5 37. Bxc4 Rxc4 38. Qxe6 Ne7 39. h6 gxh6 40. Qxh6+ Kg8 41. Rb1 Rc8 42. Rb6 Rcf8 43. Rf6 Rg7 44. Rxf8+ Kxf8 45. Qxa6 Kf7 46. Qf6+ Kg8 47. e6 Ng6 48. a4 Kh7 49. a5 Ra7 50. a6 Rxa6 51. Qf7+ Kh6 52. e7 Ra1+ 53. Kh2 1-0


[Site "https://www.chess.com"]

[Event "Titled Tuesday Blitz July 18 Early 2023"]
[White "Amilal Munkhdalai"]
[Black "Demidov, Mikhail"]
[WhiteFideId "4903250"]
[BlackFideId "4197143"]
[WhiteElo "2726"]
[BlackElo "2920"]
[Result "1-0"]
[Round "9"]
[TimeControl "180+2"]
[Date "2023.07.18"]
[WhiteClock "0:00:11"]
[BlackClock "0:00:11"]
[Board "14"]

1. e4 Nf6 2. e5 Nd5 3. d4 d6 4. h3 Nb6 5. Nf3 g6 6. Bd3 Bg7 7. Qe2 O-O 8. O-O Nc6 9. a3 dxe5 10. dxe5 Nd4 11. Nxd4 Qxd4 12. Re1 Nd5 13. Qe4 Qxe4 14. Bxe4 c6 15. Nd2 Rd8 16. Nf3 h6 17. c4 Nb6 18. b3 Bf5 19. Bxf5 gxf5 20. Bf4 Rd3 21. Rab1 Rad8 22. Kf1 Nd7 23. e6 Nc5 24. exf7+ Kxf7 25. Ne5+ Bxe5 26. Rxe5 Rxb3 27. Rxb3 Nxb3 28. Rxf5+ Kg6 29. g4 Rd4 30. Be3 Rxc4 31. Rh5 Nd4 32. Rxh6+ Kg7 33. Rh5 Nc2 34. Re5 Kf6 35. Rf5+ Kg7 36. Bxa7 Nxa3 37. Bc5 e6 38. Rg5+ Kf6 39. Rh5 Nc2 40. Bb6 Nb4 41. Bd8+ Kg6 42. Rh8 Nd5 43. f3 Rc2 44. h4 b5 45. h5+ Kg7 46. Re8 b4 47. Bg5 Kf7 48. Rb8 c5 49. h6 Rh2 50. Kg1 Rh3 51. Kg2 Rxh6 52. Bxh6 c4 53. Bd2 c3 54. Bc1 Kf6 55. Kf2 e5 56. Ke2 Ke6 57. Kd3 Kd6 58. Kc4 Kc6 59. Rxb4 Nxb4 60. Kxb4 c2 61. Kc3 Kd5 62. Kxc2 e4 63. fxe4+ Kxe4 64. g5 Kf5 65. Kd3 Kg6 66. Ke4 Kg7 67. Kf5 Kf7 68. g6+ Kg7 69. Kg5 Kg8 70. Kh6 Kh8 71. g7+ Kg8 72. Bd2 Kf7 73. Kh7 1-0


[Site "https://www.chess.com"]

[Event "Titled Tuesday Blitz July 18 Early 2023"]
[White "Galchenko, Matvey"]
[Black "Rychagov, Andrey"]
[WhiteFideId "24175480"]
[BlackFideId "4119932"]
[WhiteElo "2874"]
[BlackElo "2719"]
[Result "1-0"]
[Round "9"]
[TimeControl "180+2"]
[Date "2023.07.18"]
[WhiteClock "0:00:20"]
[BlackClock "0:00:14"]
[Board "15"]

1. f4 d5 2. Nf3 Bg4 3. Ne5 Bf5 4. c4 Nd7 5. Qb3 Nc5 6. Qb5+ Nd7 7. Qxb7 Ngf6 8. cxd5 Rb8 9. Qc6 Rb6 10. Qc4 e6 11. dxe6 Bxe6 12. Qc2 Nd5 13. d3 Nxe5 14. fxe5 Bb4+ 15. Nc3 Qh4+ 16. g3 Qd4 17. Bd2 Qxe5 18. Bg2 Ne3 19. Bxe3 Qxe3 20. Qd2 Bxc3 21. bxc3 Qxd2+ 22. Kxd2 Rb2+ 23. Ke3 Kd7 24. Bf3 Bxa2 25. c4 a5 26. Kd4 a4 27. Kc3 Rhb8 28. Rhc1 R8b3+ 29. Kd4 Rb8 30. Kc5 Bb3 31. Re1 Ra8 32. Bxa8 1-0


[Site "https://www.chess.com"]

[Event "Titled Tuesday Blitz July 18 Early 2023"]
[White "Donchenko, Alexander"]
[Black "Schnaider, Ilan"]
[WhiteFideId "24603295"]
[BlackFideId "169013"]
[WhiteElo "2865"]
[BlackElo "2655"]
[Result "1-0"]
[Round "9"]
[TimeControl "180+2"]
[Date "2023.07.18"]
[WhiteClock "0:00:29"]
[BlackClock "0:00:09"]
[Board "16"]

1. d4 d5 2. c4 c6 3. Nf3 Nf6 4. Qc2 e6 5. Nbd2 Nbd7 6. g3 b6 7. Bg2 Bb7 8. O-O Be7 9. e4 dxe4 10. Nxe4 Nxe4 11. Qxe4 Nf6 12. Qc2 O-O 13. Ne5 Qxd4 14. Bxc6 Bxc6 15. Nxc6 Qd6 16. Nxe7+ Qxe7 17. Bf4 Rac8 18. Rfd1 Nd5 19. Be5 b5 20. b3 bxc4 21. bxc4 Rfd8 22. Rac1 Nb4 23. Qb3 Nc6 24. Ba1 e5 25. Qe3 h6 26. Rd5 Qe6 27. Bxe5 Rxd5 28. cxd5 Qxd5 29. Rc5 Qe6 30. Qc3 f6 31. Bf4 Ne7 32. Rxc8+ Qxc8 33. Qb3+ Kh7 34. h4 h5 35. a4 Qc5 36. Be3 Qc7 37. Qd3+ Ng6 38. Qf5 Qf7 39. Qxh5+ Kg8 40. Bd4 Qe8 41. Qd5+ Kh7 42. a5 Qe1+ 43. Kg2 Ne7 44. Qf3 a6 45. Be3 Qxa5 46. Qe4+ Nf5 47. g4 g6 48. gxf5 Qxf5 49. Qxf5 gxf5 50. Kf3 Kg6 51. Kf4 a5 52. Bb6 a4 53. Bc5 Kh5 54. Kxf5 Kxh4 55. f4 Kg3 56. Bd4 a3 57. Bxf6 a2 58. Be5 Kh4 59. Kg6 Kg4 60. f5 a1=Q 61. Bxa1 Kf4 62. f6 Ke4 63. f7 Kd5 64. f8=Q Kc6 65. Qf5 Kb7 66. Qe6 Kc7 67. Kf6 Kd8 68. Qf7 Kc8 69. Ke6 Kb8 70. Kd6 Kc8 71. Qc7# 1-0


[Site "https://www.chess.com"]

[Event "Titled Tuesday Blitz July 18 Early 2023"]
[White "Bacrot, Etienne"]
[Black "Garcia Blanco, Omar"]
[WhiteFideId "605506"]
[BlackFideId "2287153"]
[WhiteElo "2856"]
[BlackElo "2642"]
[Result "1-0"]
[Round "9"]
[TimeControl "180+2"]
[Date "2023.07.18"]
[WhiteClock "0:00:19"]
[BlackClock "0:00:00"]
[Board "17"]

1. e4 e5 2. Nf3 Nc6 3. Bc4 Bc5 4. O-O Nf6 5. Re1 O-O 6. c3 d6 7. d4 Bb6 8. h3 h6 9. Na3 Qe7 10. Bd5 Bd7 11. Nc4 exd4 12. cxd4 Nb4 13. Nxb6 axb6 14. Bb3 Bb5 15. e5 Nh7 16. e6 d5 17. Ne5 Qxe6 18. Nd3 Qd6 19. Bf4 Qf6 20. Be5 Nxd3 21. Bxf6 Nxe1 22. Be7 Rfe8 23. Qxe1 Nf6 24. Qb4 Ne4 25. Qxb5 Rxe7 26. Qxd5 Nf6 27. Qf3 Rd8 28. d5 Nd7 29. g3 Nc5 30. Kg2 Re5 31. Rc1 Rd6 32. Rxc5 bxc5 33. Qc3 Re2 34. Qxc5 Re7 35. a4 b6 36. Qc2 g6 37. Bc4 Re8 38. b4 Ra8 39. Bb5 Rad8 40. Bc6 Kg7 41. a5 bxa5 42. bxa5 Rb8 43. a6 1-0


[Site "https://www.chess.com"]

[Event "Titled Tuesday Blitz July 18 Early 2023"]
[White "Ter-Sahakyan, Samvel"]
[Black "Karttunen, Mika"]
[WhiteFideId "13302531"]
[BlackFideId "502081"]
[WhiteElo "2851"]
[BlackElo "2634"]
[Result "1/2-1/2"]
[Round "9"]
[TimeControl "180+2"]
[Date "2023.07.18"]
[WhiteClock "0:00:06"]
[BlackClock "0:00:13"]
[Board "18"]

1. d4 Nf6 2. c4 e6 3. Nf3 d5 4. Nc3 Bb4 5. Bg5 h6 6. Bxf6 Qxf6 7. e3 O-O 8. Rc1 c6 9. Bd3 Nd7 10. O-O Bd6 11. e4 dxe4 12. Nxe4 Qe7 13. Bb1 Bf4 14. Rc3 Rd8 15. Qe2 b6 16. Ng3 Nf6 17. Re1 Bb7 18. a3 Qc7 19. c5 bxc5 20. dxc5 a5 21. Bd3 a4 22. Ne4 Nd5 23. Rc2 Qa5 24. g3 Bc7 25. Ned2 Ba6 26. Nc4 Bxc4 27. Rxc4 Nf6 28. Bc2 Qb5 29. Rb4 Qxc5 30. Bxa4 Qd6 31. Rd4 Nd5 32. Ne5 c5 33. Re4 Nf6 34. Re3 Nd5 35. Re4 Nf6 36. Rc4 Qxe5 37. Qxe5 Bxe5 38. Rxe5 Rd2 39. Bc2 Rb8 40. Rexc5 g6 41. Rc8+ Rxc8 42. Rxc8+ Kg7 43. a4 Nd5 44. a5 Nb4 45. Be4 Rxb2 46. Rb8 f5 47. a6 Nxa6 48. Rxb2 fxe4 49. Rb6 Nc5 50. Rc6 Nd7 51. Rxe6 Nf6 52. Re5 Kf7 53. h3 g5 54. Kg2 Kg6 55. g4 Kf7 56. Kg3 Kg6 57. Re7 h5 58. Re5 hxg4 59. hxg4 Kh6 60. Rf5 Kg6 61. Ra5 Kh6 62. Ra1 Kg6 63. Ra6 Kg7 64. Kh3 Kg6 65. Ra1 Kg7 66. Rg1 Kg6 67. Kg3 Kf7 68. Re1 Kg6 69. Kg2 Kg7 70. Kg3 Kg6 71. Rd1 Kg7 72. f3 exf3 73. Kxf3 Kg6 74. Rd4 Kg7 75. Ke3 Kg6 76. Kd3 Kf7 77. Ke3 Kg6 78. Kf3 Kg7 79. Rd6 Kg6 80. Rc6 Kg7 81. Rb6 Kg6 82. Ke3 Kg7 83. Kf3 Kg6 84. Ra6 Kg7 85. Rc6 Kg6 86. Ke3 Kg7 87. Rc4 Kf7 88. Kd3 Ke6 89. Ke3 Kf7 90. Kf3 Kg6 91. Rc5 Kh6 92. Rc1 Kg6 93. Rg1 Kf7 94. Ke3 Ke6 95. Kd4 Kd6 96. Ra1 Nxg4 97. Ra6+ Ke7 98. Rg6 Nf6 99. Ke5 Nd7+ 100. Kf5 Nc5 101. Rxg5 Kd6 102. Rg1 Nd7 103. Rd1+ Kc6 104. Ke6 Nc5+ 105. Ke5 Nd7+ 106. Kd4 Kd6 107. Rh1 Ke6 108. Rh6+ Nf6 109. Ke3 Kf5 110. Rh8 Ke6 111. Ra8 Nd5+ 112. Kd4 Nf6 113. Ra1 Kf5 114. Rf1+ Ke6 115. Rf4 Nd7 116. Rh4 Nf6 117. Rh1 Kf5 118. Ra1 Ke6 119. Ra5 Nd7 120. Ra6+ Kf5 121. Kd5 Nf6+ 122. Kd6 Ne4+ 123. Ke7 Ke5 124. Ra5+ Kf4 125. Ke6 Ng5+ 126. Kf6 Ne4+ 127. Kg6 Nc3 128. Rc5 Ne4 129. Ra5 Nc3 130. Rf5+ Ke4 131. Kg5 Nd5 132. Rf8 Ke5 133. Re8+ Kd4 134. Kf5 Ne3+ 135. Kf4 Nd5+ 136. Kf3 Nc3 137. Rd8+ Nd5 138. Rxd5+ Kxd5 1/2-1/2


[Site "https://www.chess.com"]

[Event "Titled Tuesday Blitz July 18 Early 2023"]
[White "KhalilMousavi98"]
[Black "Pham, Khoi"]
[BlackFideId "1054988"]
[WhiteElo "2826"]
[BlackElo "2628"]
[Result "1-0"]
[Round "9"]
[TimeControl "180+2"]
[Date "2023.07.18"]
[WhiteClock "0:02:05"]
[BlackClock "0:01:40"]
[Board "19"]

1. e4 c5 2. Nf3 Nc6 3. d4 cxd4 4. Nxd4 Nf6 5. Nc3 e5 6. Ndb5 d6 7. Nd5 Nxd5 8. exd5 Nb8 9. Qf3 a6 10. Qa3 Be7 11. Bg5 f6 12. Be3 O-O 13. O-O-O f5 14. f3 f4 15. Bf2 Bf5 16. Bd3 Nd7 17. Bxf5 Rxf5 18. Nxd6 Qf8 19. Bc5 Rf6 20. Ne4 Bxc5 21. Nxf6+ Qxf6 22. Qb3 Qd6 1-0


[Site "https://www.chess.com"]

[Event "Titled Tuesday Blitz July 18 Early 2023"]
[White "Bachmann, Axel"]
[Black "Mamedov, Edgar"]
[WhiteFideId "3700488"]
[BlackFideId "13739980"]
[WhiteElo "2816"]
[BlackElo "2594"]
[Result "1-0"]
[Round "9"]
[TimeControl "180+2"]
[Date "2023.07.18"]
[WhiteClock "0:00:23"]
[BlackClock "0:00:00"]
[Board "20"]

1. e4 c5 2. Nf3 Nc6 3. Nc3 e6 4. d4 cxd4 5. Nxd4 Nf6 6. Nxc6 bxc6 7. e5 Nd5 8. Ne4 Bb7 9. Bd3 Nb4 10. O-O c5 11. Qg4 Nxd3 12. cxd3 Qc7 13. Bf4 Bxe4 14. dxe4 g6 15. Rac1 Bg7 16. Be3 O-O 17. Rxc5 Qb8 18. Bd4 Qb4 19. Qd1 d6 20. a3 Qb6 21. Rd5 Qb7 22. Rxd6 Qxe4 23. Bc3 Rfc8 24. Re1 Qc4 25. Qf3 Qc7 26. Red1 Rd8 27. h4 Rdc8 28. Rd7 1-0


[Site "https://www.chess.com"]

[Event "Titled Tuesday Blitz July 18 Early 2023"]
[White "Ibarra Jerez, Jose Carlos"]
[Black "Glavina, Pablo"]
[WhiteFideId "2226332"]
[BlackFideId "100234"]
[WhiteElo "2935"]
[BlackElo "2426"]
[Result "1-0"]
[Round "9"]
[TimeControl "180+2"]
[Date "2023.07.18"]
[WhiteClock "0:00:41"]
[BlackClock "0:00:12"]
[Board "22"]

1. e4 c6 2. Nf3 d5 3. d3 Nd7 4. Qe2 g6 5. g3 Bg7 6. Bg2 e5 7. O-O Ne7 8. a4 a5 9. b3 O-O 10. Ba3 Re8 11. Nbd2 Nb6 12. Rfe1 f6 13. d4 Bg4 14. dxe5 fxe5 15. h3 Bxf3 16. Nxf3 d4 17. h4 h6 18. Bh3 Kh7 19. h5 g5 20. Be6 Nd7 21. Kg2 Nf6 22. Nxe5 Qc7 23. Nf7 Nc8 24. Bxc8 Rexc8 25. Nd6 Rd8 26. e5 Nd5 27. Qe4+ Kg8 28. Qg6 Rf8 29. Rad1 c5 30. Qe6+ Kh8 31. Qxd5 b6 32. Rd3 Rad8 33. c3 dxc3 34. Rxc3 Qe7 35. Rce3 g4 36. R1e2 Qg5 37. Nf7+ Rxf7 38. Qxf7 Rd1 39. Qe8+ Kh7 40. Qg6+ Qxg6 41. hxg6+ Kxg6 42. e6 1-0


[Site "https://www.chess.com"]

[Event "Titled Tuesday Blitz July 18 Early 2023"]
[White "Shimanov, Aleksandr"]
[Black "Tica, Sven"]
[WhiteFideId "4198603"]
[BlackFideId "14526948"]
[WhiteElo "2984"]
[BlackElo "2704"]
[Result "0-1"]
[Round "9"]
[TimeControl "180+2"]
[Date "2023.07.18"]
[WhiteClock "0:00:01"]
[BlackClock "0:00:11"]
[Board "23"]

1. e4 g6 2. d4 Bg7 3. Nf3 d6 4. Be3 Nd7 5. c4 e5 6. Nc3 Ne7 7. h4 h6 8. h5 f5 9. hxg6 f4 10. Bc1 Nxg6 11. d5 Nf6 12. b4 Bg4 13. Be2 Qd7 14. Nd2 Bxe2 15. Qxe2 Qg4 16. Qxg4 Nxg4 17. c5 Kd7 18. Nc4 Rhc8 19. f3 Nf6 20. Ba3 h5 21. O-O-O h4 22. Kb2 Bf8 23. Rd2 b6 24. c6+ Ke7 25. b5 Kf7 26. Bb4 Be7 27. a4 a5 28. bxa6 Rxa6 29. Kb3 Rca8 30. Ra2 Ne8 31. Nb5 Bd8 32. a5 bxa5 33. Rxa5 Rxa5 34. Bxa5 Rb8 35. Ka4 Ra8 36. Rb1 Kg7 37. Nc3 Kh6 38. Rb7 Kh5 39. Nb5 h3 40. gxh3 Nh4 41. Nd2 Ng2 42. Kb4 Rc8 43. Kc4 Kh4 44. Kd3 Kxh3 45. Ke2 Ne3 46. Nf1 Nc4 47. Be1 Ra8 48. Ra7 Rb8 49. Rb7 Ra8 50. Na7 Nb6 51. Bf2 Nc4 52. Nd2 Nxd2 53. Kxd2 Kg2 54. Ke2 Nf6 55. Rb3 Nh5 56. Ke1 Bh4 57. Bxh4 Rxa7 58. Bd8 Ng3 59. Kd2 Kf2 60. Rb7 Ra2+ 61. Kc1 Ne2+ 62. Kb1 Nc3+ 63. Kc1 Ke3 64. Rb3 Kd3 65. Rxc3+ Kxc3 66. Kb1 Ra7 67. Kc1 Ra1# 0-1


[Site "https://www.chess.com"]

[Event "Titled Tuesday Blitz July 18 Early 2023"]
[White "Zhigalko, Sergei"]
[Black "Nouri, Alekhine"]
[WhiteFideId "13502956"]
[BlackFideId "5216184"]
[WhiteElo "2883"]
[BlackElo "2686"]
[Result "1-0"]
[Round "9"]
[TimeControl "180+2"]
[Date "2023.07.18"]
[WhiteClock "0:00:03"]
[BlackClock "0:00:05"]
[Board "24"]

1. e4 c5 2. Nf3 d6 3. d4 cxd4 4. Qxd4 a6 5. Bc4 Nc6 6. Qd3 Nf6 7. Nc3 g6 8. Bg5 Bg7 9. Bb3 O-O 10. O-O-O Qa5 11. Kb1 Be6 12. Bd2 b5 13. Nd5 Qd8 14. Nxf6+ Bxf6 15. h4 Rb8 16. h5 Bc4 17. Qe3 a5 18. hxg6 fxg6 19. Rxh7 Kxh7 20. Qh6+ Kg8 21. Qxg6+ Bg7 22. Bh6 Rf7 23. Ng5 Kf8 24. Bxc4 Ne5 25. Ne6+ Ke8 26. Nxg7+ Kd7 27. Qe6+ Kc7 28. Bd5 Rf6 29. Qg4 Rxh6 30. Qg3 Qd7 31. f4 Rg6 32. Qc3+ Nc4 33. f5 Rxg2 34. Ne6+ Kb6 35. Bxc4 bxc4 36. Qxc4 Qc6 37. Qd4+ Ka6 38. Rc1 Rb4 39. Qd3+ Qb5 40. Nc7+ Kb6 41. Nxb5 Rxb5 42. Qe3+ 1-0


[Site "https://www.chess.com"]

[Event "Titled Tuesday Blitz July 18 Early 2023"]
[White "Aldokhin, Ivan"]
[Black "Timofeev, Artyom"]
[WhiteFideId "24115720"]
[BlackFideId "4140419"]
[WhiteElo "2676"]
[BlackElo "2847"]
[Result "0-1"]
[Round "9"]
[TimeControl "180+2"]
[Date "2023.07.18"]
[WhiteClock "0:00:03"]
[BlackClock "0:01:23"]
[Board "25"]

1. e4 d6 2. d4 Nf6 3. Nc3 g6 4. Bg5 h6 5. Bh4 Bg7 6. f4 c5 7. d5 O-O 8. Nf3 Bg4 9. h3 Bxf3 10. Qxf3 Nbd7 11. O-O-O a6 12. g4 b5 13. e5 dxe5 14. g5 hxg5 15. fxg5 Nh5 16. Ne4 c4 17. Bf2 Qa5 18. Kb1 Rac8 19. Be3 b4 20. h4 b3 21. cxb3 cxb3 22. axb3 Qb4 23. Bd2 Qb6 24. Bh3 Rcd8 25. Be3 Qxb3 26. Bxd7 Rxd7 27. Nc5 Qb5 28. Nxd7 Qxd7 29. Rh2 a5 30. Rc2 a4 31. Qe4 Rb8 32. Qc4 a3 33. Qc6 Qf5 34. Ka2 Qf3 35. Re1 axb2 36. Rxb2 Rxb2+ 37. Kxb2 e4+ 38. Kc1 Qg3 39. Re2 Nf4 40. Bxf4 Qxf4+ 41. Kc2 Qf3 42. Qc4 e3 43. Qd3 Bd4 44. Kb3 Qxd5+ 45. Qc4 Qb7+ 46. Kc2 e5 47. Kd3 Qb1+ 48. Qc2 Qh1 49. Qc8+ Kg7 50. Qc2 Qxh4 51. Qc6 Qxg5 52. Qd5 Qf5+ 53. Qe4 Qxe4+ 54. Kxe4 f5+ 55. Kd5 Kf6 56. Rg2 g5 57. Rh2 g4 58. Rg2 Kg5 59. Ke6 f4 0-1


[Site "https://www.chess.com"]

[Event "Titled Tuesday Blitz July 18 Early 2023"]
[White "Sahib Singh"]
[Black "Harsh Suresh"]
[WhiteFideId "25618342"]
[BlackFideId "45018464"]
[WhiteElo "2664"]
[BlackElo "2844"]
[Result "0-1"]
[Round "9"]
[TimeControl "180+2"]
[Date "2023.07.18"]
[WhiteClock "0:00:00"]
[BlackClock "0:00:17"]
[Board "26"]

1. e4 g6 2. d4 Nf6 3. Nc3 d5 4. e5 Ne4 5. Bd3 Nxc3 6. bxc3 c5 7. h4 h5 8. Bd2 Nc6 9. Nf3 Bg4 10. Rb1 Rb8 11. Be3 e6 12. dxc5 Bg7 13. Bd4 O-O 14. Be2 Bxf3 15. Bxf3 Bxe5 16. Qd3 Qf6 17. Rd1 b6 18. cxb6 Bxd4 19. cxd4 Rxb6 20. c3 Rb2 21. Rd2 Rfb8 22. Rxb2 Rxb2 23. O-O Qxh4 24. Qa6 Rb6 25. Qc8+ Qd8 26. Qxd8+ Nxd8 27. Rc1 Nc6 28. Rc2 Na5 29. Kh2 Nc4 30. Kg3 Na3 31. Re2 Rc6 32. Rb2 Rxc3 33. Rb8+ Kg7 34. Ra8 Nb5 35. a4 Nxd4 36. Rxa7 e5 37. Kh2 Nxf3+ 38. gxf3 Rxf3 39. Kg2 Ra3 40. a5 d4 41. a6 g5 42. Ra8 Kg6 43. a7 Kf5 44. f3 h4 45. Kf2 Kf4 0-1


[Site "https://www.chess.com"]

[Event "Titled Tuesday Blitz July 18 Early 2023"]
[White "Gorovets, Andrey"]
[Black "Haug, Havard"]
[WhiteFideId "13504037"]
[BlackFideId "1547887"]
[WhiteElo "2839"]
[BlackElo "2661"]
[Result "0-1"]
[Round "9"]
[TimeControl "180+2"]
[Date "2023.07.18"]
[WhiteClock "0:00:00"]
[BlackClock "0:00:40"]
[Board "27"]

1. Nf3 Nf6 2. c4 e6 3. g3 d5 4. d4 c5 5. cxd5 exd5 6. Bg2 Nc6 7. O-O Be7 8. Nc3 O-O 9. Be3 c4 10. Ne5 Be6 11. Nxc4 dxc4 12. d5 Nxd5 13. Nxd5 Rc8 14. Rc1 b5 15. a4 a6 16. Nb6 Rc7 17. Bf4 Rb7 18. Nd5 Rd7 19. Nxe7+ Nxe7 20. Qe1 Nd5 21. Bxd5 Rxd5 22. axb5 axb5 23. Qb4 Qd7 24. Ra1 Rd8 25. Rfe1 h6 26. Be3 Bh3 27. f3 Rd1 28. Kf2 Rxa1 29. Rxa1 Re8 30. Ra7 Qd1 0-1


[Site "https://www.chess.com"]

[Event "Titled Tuesday Blitz July 18 Early 2023"]
[White "Arat, Ufuk Sezen"]
[Black "Kosteniuk, Alexandra"]
[WhiteFideId "6309089"]
[BlackFideId "4128125"]
[WhiteElo "2617"]
[BlackElo "2803"]
[Result "1/2-1/2"]
[Round "9"]
[TimeControl "180+2"]
[Date "2023.07.18"]
[WhiteClock "0:00:12"]
[BlackClock "0:00:12"]
[Board "28"]

1. e4 c6 2. d4 d5 3. e5 c5 4. dxc5 e6 5. Nf3 Bxc5 6. a3 Nc6 7. b4 Be7 8. Bb2 f6 9. b5 Nxe5 10. Nxe5 fxe5 11. Bxe5 Nf6 12. Bd3 O-O 13. O-O Bd7 14. Nd2 Be8 15. Qe2 Bh5 16. f3 Qd7 17. Nb3 Rae8 18. a4 Bd6 19. Rae1 Qc7 20. Nd4 Nd7 21. Bxd6 Qxd6 22. g4 Bf7 23. Qf2 g6 24. f4 e5 25. fxe5 Rxe5 26. Rxe5 Nxe5 27. Qf4 Nc4 28. Bxc4 Qxf4 29. Rxf4 dxc4 30. Re4 Re8 31. Rxe8+ Bxe8 32. Kf2 Bd7 33. h3 Kf7 34. Nf3 Kf6 35. Ke3 h5 36. Kf4 hxg4 37. hxg4 a6 38. Ne5 g5+ 39. Ke4 Be8 40. bxa6 bxa6 41. a5 c3 42. Kd4 Ba4 43. Nd3 Bxc2 44. Nc5 Bd1 45. Kxc3 Bxg4 46. Nxa6 Bf3 47. Nc5 g4 48. Kd3 Kg5 49. Ke3 Kh4 50. Nd3 Ba8 51. Ne1 Kg3 52. Ke2 Kh2 53. Kf2 g3+ 54. Ke2 Bb7 55. Ke3 Ba6 56. Kf3 Bb7+ 57. Kg4 Bc8+ 58. Kf3 Bb7+ 59. Kg4 Bc8+ 60. Kf3 Kh3 61. Ke2 Bb7 62. Ke3 Kh2 63. Kf4 Ba6 64. Kg4 Be2+ 65. Kf4 g2 66. Nxg2 Kxg2 67. Ke4 Bf3+ 68. Kd4 Kg3 69. a6 Kg2 70. a7 Kg3 71. a8=Q Bxa8 1/2-1/2


[Site "https://www.chess.com"]